 Dungeon Crawl Stone Soup version 0.29.1-15-g9cfb28693d (webtiles) character file.

Game seed: 838156917958396630

38 Mickster the Trooper (level 3, 0/31 HPs)
             Began as a Demigod Fighter on Mar 8, 2023.
             Slain by an iguana (6 damage)
             ... on level 2 of the Dungeon.
             The game lasted 00:07:28 (869 turns).

Mickster the Trooper (Demigod Fighter)               Turns: 869, Time: 00:07:29

Health: 0/31       AC:  6    Str: 21    XL:     3   Next: 10%
Magic:  5/5        EV:  9    Int: 10    God:
Gold:   31         SH:  4    Dex: 13    Spells: 2/2 levels left

rFire   . . .      SeeInvis .   a - +0 war axe
rCold   . . .      Faith    .   c - +0 buckler
rNeg    . . .      Spirit   .   b - +0 scale mail
rPois   .          Reflect  .   (no helmet)
rElec   .          Harm     .   (no cloak)
rCorr   .          Rampage  .   (no gloves)
Will    .....                   (no boots)
Stlth   ..........              (no amulet)
HPRegen 0.10/turn               (no ring)
MPRegen 0.09/turn               (no ring)

@: no status effects
A: high MP 1, forlorn, divine attributes
a: no special abilities


You were on level 2 of the Dungeon.
You visited 1 branch of the dungeon, and saw 2 of its levels.

You collected 31 gold pieces.

Inventory:

Hand Weapons
 a - a +0 war axe (weapon)
 e - a +0 spear
 i - a +0 sling
Armour
 b - a +0 scale mail (worn)
 c - a +0 buckler (worn)
Scrolls
 f - a scroll of identify
Potions
 d - 2 potions of might
 g - a potion of brilliance
 h - a potion of cancellation {unknown}


   Skills:
 + Level 3.1 Fighting
 + Level 2.3 Axes
 + Level 3.0 Armour
 + Level 0.1 Stealth
 + Level 3.0 Shields


You had 2 spell levels left.
You didn't know any spells.
Your spell library was empty.

Dungeon Overview and Level Annotations

Branches:
Dungeon (2/15)

Annotations:
D:2 Robin


Innate Abilities, Weirdness & Mutations

You have an increased reservoir of magic. (+10% MP)
You shall have no god before yourself.
Your divine heritage dramatically boosts your attributes as you level up.


Message History

Robin throws the goblin at you! The goblin hits you with a +0 club.
* * * LOW HITPOINT WARNING * * *
You block the goblin's attack.
The goblin unwields a +0 sling.
The goblin wields a +0 dagger.
You block the goblin's attack.
You closely miss the goblin. x2; The goblin hits you but does no damage. x2
You hit the goblin but do no damage. You slash the goblin!
You kill the goblin!
Robin laughs in a distinctly smug fashion.
The goblin hits you but does no damage.
Robin says, "Feeling lonely?"
You block the goblin's attack. You block the iguana's attack.
You hit the goblin.
The goblin is moderately wounded.
You closely miss the iguana. The goblin barely misses you.
The iguana bites you.
* * * LOW HITPOINT WARNING * * *
Unknown command.
Unknown command.
You slash the goblin!
You kill the goblin!
You closely miss the iguana. You block the iguana's attack.
You slash the iguana!
The iguana is heavily wounded.
The iguana barely misses you. You block the iguana's attack.
You barely miss the iguana.
The iguana is heavily wounded.
The iguana barely misses you.
You closely miss the iguana.
The iguana is heavily wounded.
The hobgoblin no longer looks unusually strong.
Robin roars a battlecry!
The hobgoblin goes into a battle-frenzy!
The iguana bites you but does no damage. x2
You hit the iguana but do no damage.
The iguana is heavily wounded.
You block the iguana's attack.
You closely miss the iguana.
The iguana is heavily wounded.
The iguana bites you.
You die...

#........$.#
#..........#
#..........#
#$.......#
##...<.>..##
#g..g......#
#.........?#
######..........#
#.)@lgg.........#
#.####..........#
# ##........##
##..[...##
##.##### #.# #.#
#.#


You could see an iguana, Robin and a hobgoblin (strong).

Vanquished Creatures
  A dart slug (D:1)
  4 endoplasms (D:1)
  2 giant cockroaches (D:1)
  11 goblins
  7 hobgoblins
  2 ball pythons (D:1)
  A frilled lizard (D:1)
  A rat (D:1)
29 creatures vanquished.

Notes
Turn   | Place    | Note
-------+----------+-------------------------------------------
     0 | D:1      | Mickster the Demigod Fighter began the quest for the Orb.
     0 | D:1      | Reached XP level 1. HP: 18/18 MP: 3/3
   343 | D:1      | Reached XP level 2. HP: 25/25 MP: 4/4
   832 | D:2      | Noticed Robin
   859 | D:2      | Reached XP level 3. HP: 12/31 MP: 5/5
   869 | D:2      | Slain by an iguana

Illustrated notes

Levels and vault maps discovered:
D:1:      psy_arrival_dodecagon, layout_basic
D:2:      layout_rooms, ebering_ecumenical_altar_abandoned, uniq_terence,
          uniq_natasha, uniq_robin

Skill      XL: |  1  2  3 |
---------------+----------+-----
Axes           | 2 |  2.3
Armour         | 3 |  3.0
Fighting       | 3 |  3.1
Shields        | 3 |  3.0
Stealth        | |  0.1

Action                   || total
-------------------------++-------
Melee: War axe           ||    59
  Use: Scroll            ||     4
       Potion            ||     1
Armor: Scale mail        ||    26
Dodge: Dodged            ||    36
Block: Buckler           ||    27
